[Event "*** SCC Grand Prix: Titled Tuesday Blitz"]
[Site "Chess.com"]
[Date "2020.08.04"]
[Round "1"]
[White "Parhamov"]
[Black "GianmarcoVaR"]
[Result "1-0"]
[WhiteElo "3018"]
[BlackElo "2471"]
[TimeControl "180+1"]
[EndTime "13:52:36 PDT"]
[Termination "Parhamov won on time"]

1. e4 c6 2. d4 d5 3. Nc3 dxe4 4. Nxe4 Bf5 5. Ng3 Bg6 6. h4 h6 7. Nf3 Nd7 8. Bd3 Bxd3 9. Qxd3 e6 10. Bf4 Qa5+ 11. Bd2 Bb4 12. c3 Be7 13. c4 Qc7 14. Nh5 Kf8 15. O-O Ngf6 16. Nxf6 Bxf6 17. Rfe1 g6 18. Bc3 Kg7 19. Rad1 Rad8 20. Qe4 Rhe8 21. Rd2 Kg8 22. Red1 Bg7 23. b3 Nf6 24. Qe2 Ng4 25.
g3 h5 26. Ne5 Bxe5 27. dxe5 Rxd2 28. Rxd2 Rd8 29. Kg2 Rd7 30. Rxd7 Qxd7 31. f3 Qd1 32. Qxd1 Ne3+ 33. Kg1 Nxd1 34. Bd4 b6 35. b4 c5 36. bxc5 bxc5 37. Bxc5 Nb2 38. Bxa7 Nxc4 39. Bd4 Kf8 40. a4 Ke7 41. Kf2 Kd7 42. g4 Kc6 43. Ke2 Kd5 44. Kd3 Na5 45. gxh5 gxh5 46. f4 Nb3 47.
Bb6 Nc1+ 48. Ke3 Na2 49. a5 Nb4 50. Kf3 Kc4 51. f5 Nd5 52. Bd8 exf5 53. a6 Kc5 54.
a7 Nb6 55. Bxb6+ Kxb6 56. a8=Q 1-0

[Event "*** SCC Grand Prix: Titled Tuesday Blitz"]
[Site "Chess.com"]
[Date "2020.08.04"]
[Round "1"]
[White "realmadridtv"]
[Black "OparinGrigoriy"]
[Result "1/2-1/2"]
[WhiteElo "2470"]
[BlackElo "2953"]
[TimeControl "180+1"]
[EndTime "13:52:38 PDT"]
[Termination "Game drawn by repetition"]

1. e4 e5 2. Nf3 Nc6 3. Bb5 f5 4. d3 fxe4 5. dxe4 Nf6 6. Bc4 Bc5 7. Ng5 Qe7 8. Bf7+ Kf8 9. Bb3 d6 10. Nc3 Nd4 11. h3 h6 12. Nf3 Nxb3 13. axb3 g5 14. Be3 Bxe3 15. fxe3 Kg7 16. Qe2 Be6 17. h4 g4 18. Nh2 a6 19. Nf1 Nh5 20. O-O-O Raf8 21. Qe1 Rf7 22. Ne2 Rhf8 23. Nfg3 Nxg3 24. Nxg3 Kh7 25.
h5 Qg5 26. Rd2 Bd7 27. Kb1 Bc6 28. Re2 Rf6 29. Rd2 R8f7 30. Qe2 Bb5 31. Qe1 a5 32. Nf5 Bc6 33. Ng3 b6 34. Qe2 Bb7 35. Qd3 Kh8 36. Rdd1 Rf2 37. Rdf1 R2f6 38. Rxf6 Rxf6 39. Rf1 Rxf1+ 40.
Qxf1 Qg7 41. Qf5 Bc6 42. Qc8+ Kh7 43. Nf5 Qf7 44. Ng3 Qg7 45. Qd8 Qf7 46. Qc8 Qg7 1/2-1/2

[Event "*** SCC Grand Prix: Titled Tuesday Blitz"]
[Site "Chess.com"]
[Date "2020.08.04"]
[Round "1"]
[White "elohunter1999"]
[Black "Bigfish1995"]
[Result "0-1"]
[WhiteElo "2469"]
[BlackElo "2993"]
[TimeControl "180+1"]
[EndTime "13:52:44 PDT"]
[Termination "Bigfish1995 won by resignation"]

1. e4 e5 2. Nf3 Nc6 3. Bb5 a6 4. Ba4 Nf6 5. O-O b5 6. Bb3 Bc5 7. a4 Rb8 8. c3 d6 9. d4 Bb6 10. a5 Ba7 11. h3 O-O 12. Be3 Ra8 13. Nbd2 Bb7 14. Re1 exd4 15. cxd4 Nb4 16. Bg5 h6 17. Bh4 c5 18. e5 dxe5 19. dxe5 Bxf3 20. Qxf3 Qxd2 21. Rad1 Qxb2 22. exf6 c4 23. fxg7 Rfe8 24. Rxe8+ Rxe8 25. Rd7 Qxg7 26. Rxa7 cxb3 27. Qxb3 Nc6 28. Rxa6 Nd4 29. Qd3 Ne2+ 30. Kh2 Qa1 31. Rg6+ fxg6 32.
Qxg6+ Kf8 33. Qxh6+ Qg7 34. Qd6+ Kg8 35. Qd5+ Qf7 36. Qg5+ Kh7 37. a6 Qf4+ 38. Qxf4 Nxf4 39. Bg3 Nd5 40. a7 b4 41. Bb8 Nb6 42. g4 b3 43. Bc7 b2 44. Bxb6 b1=Q 45. Be3 Qa2 46. Kg3 Rxe3+ 47. fxe3 Qxa7 48. Kf4 Kg6 49. e4 Qf2+ 50.
Ke5 Qg3+ 51. Ke6 Qxh3 52. e5 Qxg4+ 53. Kd6 Kf7 54. e6+ Qxe6+ 0-1

[Event "*** SCC Grand Prix: Titled Tuesday Blitz"]
[Site "Chess.com"]
[Date "2020.08.04"]
[Round "1"]
[White "louis198"]
[Black "Yoshikrov"]
[Result "1/2-1/2"]
[WhiteElo "2529"]
[BlackElo "2146"]
[TimeControl "180+1"]
[EndTime "13:52:44 PDT"]
[Termination "Game drawn - insufficient material"]

1. d4 Nf6 2. Bf4 d5 3. e3 c5 4. Nd2 Nc6 5. c3 Bf5 6. Ngf3 e6 7.
Be2 Be7 8. h3 h6 9. O-O O-O 10.
dxc5 Bxc5 11. c4 dxc4 12. Nxc4 Qxd1 13. Rfxd1 Rfd8 14. a3 a6 15. Bc7 Rxd1+ 16. Rxd1 Rc8 17. Bd6 Ba7 18. Bf4 Ne4 19. Nfe5 Nxe5 20. Bxe5 b5 21. Rd7 Bb8 22. Bxb8 Rxb8 23. Ne5 f6 24. Nc6 Rb6 25. Ne7+ Kh7 26. g4 Bg6 27. Nxg6 Kxg6 28. Bd3 f5 29.
b4 Rd6 30. Rxd6 Nxd6 31. Kg2 Kf6 32. Kf3 g6 33. Ke2 e5 34. Kd2 Ke6 35. Kc3 Kd5 36. a4 Ne4+ 37. Kb2 Nxf2 38. Bf1 bxa4 39. Ka3 fxg4 40.
hxg4 Nxg4 41. Bxa6 Nxe3 42. Kxa4 Kc6 43. Bd3 g5 44.
Ka5 Kb7 45. Be4+ Kb8 46. Kb6 g4 47. Kc5 g3 48. Kd6 g2 49. Bxg2 Nxg2 50. Kxe5 h5 51. Kf5 Kb7 52. Kg5 h4 53. Kg4 Kb6 54. Kh3 Kb5 55.
Kxg2 Kxb4 56. Kh3 Kc4 57. Kxh4 1/2-1/2

[Event "*** SCC Grand Prix: Titled Tuesday Blitz"]
[Site "Chess.com"]
[Date "2020.08.04"]
[Round "1"]
[White "londonkid"]
[Black "BillCoe"]
[Result "0-1"]
[WhiteElo "2497"]
[BlackElo "2124"]
[TimeControl "180+1"]
[EndTime "13:52:47 PDT"]
[Termination "BillCoe won by checkmate"]

1. d4 e6 2. c4 f5 3. Nf3 Nf6 4. g3 Be7 5. Bg2 O-O 6. O-O d6 7. Nc3 Ne4 8. Qc2 Nxc3 9. bxc3 Bf6 10. Bb2 Qe8 11. Nd2 e5 12. c5 Qh5 13. Qb3+ Kh8 14.
Bxb7 Bxb7 15. Qxb7 Nd7 16. Qxc7 Rf7 17. Qxd6 exd4 18.
cxd4 Rd8 19. Qc6 f4 20. Qf3 Qg6 21. Ne4 fxg3 22. hxg3 Bxd4 23. Qb3 Nxc5 24. Nxc5 Bxc5 25. Qc3 Bb6 26. Kg2 Qe4+ 27. Kg1 Rdf8 28. e3 Qg4 29. Kg2 Qf3+ 30. Kg1 Rf6 31. Rad1 Rg6 32. Rc1 Rxg3+ 33. fxg3 Qxg3+ 34. Kh1 Qh3+ 35. Kg1 Bxe3+ 36. Qxe3 Qxe3+ 37. Kh1 Rxf1+ 38. Rxf1 h6 39. Bc1 Qe4+ 40. Kg1 Qd4+ 41.
Kh1 Qd5+ 42. Kg1 Qxa2 43. Be3 a5 44. Rf8+ Kh7 45. Rf1 a4 46. Bf2 a3 47. Bd4 Qc4 48. Rd1 a2 49. Ba1 Qc2 50. Rf1 h5 51. Kh1 h4 52. Kg1 h3 53. Kh1 Qg2# 0-1

[Event "*** SCC Grand Prix: Titled Tuesday Blitz"]
[Site "Chess.com"]
[Date "2020.08.04"]
[Round "1"]
[White "BlackBoarder"]
[Black "LubovMarkelova"]
[Result "1-0"]
[WhiteElo "2573"]
[BlackElo "2238"]
[TimeControl "180+1"]
[EndTime "13:52:49 PDT"]
[Termination "BlackBoarder won on time"]

1. e4 e5 2. Nf3 Nc6 3. d4 exd4 4.
Bc4 Nf6 5. O-O Nxe4 6. Re1 d5 7. Bxd5 Qxd5 8. Nc3 Qa5 9. Nxe4 Be6 10. Neg5 O-O-O 11. Nxe6 fxe6 12. Rxe6 Bd6 13. Bg5 Rde8 14. Qe2 Rxe6 15. Qxe6+ Kb8 16. Bd2 Bb4 17. Bf4 Rd8 18. a3 Bf8 19.
Rd1 Qd5 20. Qxd5 Rxd5 21. Be3 Rb5 22. Nxd4 Rxb2 23. Nxc6+ bxc6 24. a4 Kb7 25. Kf1 Rxc2 26. Rd7 Bd6 27. Rxg7 c5 28. Rxh7 c4 29. Rh5 a6 30.
Rd5 Ra2 31. Ke1 Kc6 32. Rd4 Rxa4 33. h4 Bb4+ 34. Kd1 Bc5 35. Re4 Ra1+ 36. Kc2 Kd5 37.
Re8 Bxe3 38. Rxe3 Ra2+ 39. Kc3 Rxf2 40. g4 Rf4 41. Rg3 a5 42. h5 1-0

[Event "*** SCC Grand Prix: Titled Tuesday Blitz"]
[Site "Chess.com"]
[Date "2020.08.04"]
[Round "1"]
[White "Caterpiller35"]
[Black "German_Bazeev"]
[Result "1-0"]
[WhiteElo "2385"]
[BlackElo "2728"]
[TimeControl "180+1"]
[EndTime "13:52:55 PDT"]
[Termination "Caterpiller35 won by resignation"]

1. d4 Nf6 2. Bg5 c5 3. Bxf6 gxf6 4. d5 Qb6 5. Qc1 f5 6. c4 Bg7 7. Nc3 d6 8. Qc2 Nd7 9. Nf3 Ne5 10. Nxe5 dxe5 11.
e3 e4 12. Be2 Rg8 13. g3 Bd7 14. f3 exf3 15. Bxf3 Qh6 16. Qd3 Be5 17. O-O-O Rc8 18. Kb1 b5 19. cxb5 c4 20. Qd2 a6 21. bxa6 Qxa6 22. d6 e6 23. e4 fxe4 24. Bxe4 Rb8 25. Rhe1 Qa5 26. Rc1 Bg7 27. Bxh7 Rh8 28. Be4 Rh5 29.
Re2 Qb4 30. h4 Ra5 31. g4 Qa3 32. Ka1 Qb4 33. g5 Rb6 34. Nd5 Qxd2 35. Nc7+ Kd8 36.
Rxd2 c3 37. bxc3 Rb4 38. Bb1 Rxh4 39. Kb2 Rb4+ 40. Kc2 Rc4 41. Kd1 Rxc3 42. Rxc3 Bxc3 43. Rd3 Bg7 44. g6 f5 45. Rb3 Ra4 46. Rb8+ Bc8 47.
Nxe6+ Kd7 48. Nxg7 Rd4+ 49. Ke2 Rxd6 50. Bxf5+ 1-0

[Event "*** SCC Grand Prix: Titled Tuesday Blitz"]
[Site "Chess.com"]
[Date "2020.08.04"]
[Round "1"]
[White "tptagain"]
[Black "maxip32"]
[Result "1-0"]
[WhiteElo "2962"]
[BlackElo "2462"]
[TimeControl "180+1"]
[EndTime "13:52:59 PDT"]
[Termination "tptagain won by resignation"]

1. Nf3 Nf6 2. d4 g6 3. Bg5 Bg7 4. Nbd2 O-O 5. e4 d5 6. exd5 Nxd5 7. Bc4 Nb6 8. Bb3 a5 9. a4 N8d7 10. O-O c6 11. Re1 Nf6 12. c3 Nbd5 13. Ne5 Be6 14. h3 Re8 15. Ndf3 Nd7 16. Nd3 Nc7 17. Bxe6 Nxe6 18. Rxe6 fxe6 19. Qb3 Nf8 20. Qxb7 Qd7 21. Qxd7 Nxd7 22. Re1 Kf7 23. Bf4 h6 24. h4 Ra7 25.
g3 Rc8 26. Kg2 Rb7 27. Be5 Bf6 28. g4 g5 29. hxg5 hxg5 30. Rh1 Kg6 31. b4 Ra8 32.
Ra1 axb4 33. cxb4 Raa7 34. a5 Ra6 35. Rc1 Rb5 36. Rc4 Rb7 37. Kf1 Rb5 38. Ke2 Kf7 39. Kd2 Kg6 40. Kc3 Ra7 41. Rxc6 Kf7 42. Nc5 Nxc5 43.
dxc5 Rbb7 44. Rb6 Rd7 45. a6 Rd1 46. Bxf6 Kxf6 47. Nd4 Ra1 48. b5 Rc1+ 49. Kb4 Rb1+ 50. Nb3 Ke5 51. Rb7 Ra8 52. a7 Rd1 53. b6 Rdd8 54. Kb5 Kf4 55. c6 e5 56. c7 Rdc8 57. Rb8 Kxg4 58. Rxa8 Rxa8 59. b7 1-0

[Event "*** SCC Grand Prix: Titled Tuesday Blitz"]
[Site "Chess.com"]
[Date "2020.08.04"]
[Round "1"]
[White "Rodalquilar"]
[Black "Shushik"]
[Result "1-0"]
[WhiteElo "2648"]
[BlackElo "2292"]
[TimeControl "180+1"]
[EndTime "13:53:02 PDT"]
[Termination "Rodalquilar won by checkmate"]

1. d4 d5 2. Bf4 Nf6 3. e3 c5 4.
Nf3 Nc6 5. Nbd2 Bf5 6. dxc5 e6 7. Nb3 Bxc5 8. Nxc5 Qa5+ 9. c3 Qxc5 10. Be2 O-O 11. O-O h6 12. Qb3 Qe7 13. Nd4 Bh7 14. Nxc6 bxc6 15.
Qb4 c5 16. Qa5 e5 17. Bg3 Ne4 18. Rfd1 Rfd8 19. Bb5 Rab8 20. b3 Qb7 21. a4 Nxg3 22. hxg3 Bc2 23. Rd2 Bxb3 24. Rb1 Bc4 25. Rdb2 Bxb5 26.
Rxb5 Qa8 27. Qc7 Rxb5 28. axb5 d4 29. Qxe5 d3 30. Qxc5 d2 31. Rd1 Qe4 32. Qxa7 Qc2 33. Qa1 Qb3 34. b6 Qxb6 35. Qa2 Qd6 36. Qc2 Qd3 37.
Qxd3 Rxd3 38. Kf1 Rxc3 39. Rxd2 Kh7 40. Ke2 Kg6 41. g4 Kg5 42. Kf3 Rc5 43. Rd4 g6 44.
Rf4 f5 45. gxf5 gxf5 46. g3 h5 47. Rd4 Rc2 48. Rd8 Rb2 49. Rg8+ Kf6 50. Ra8 Kg5 51.
Ra4 Rc2 52. Ra6 Rb2 53. Ra5 Rc2 54. e4 Rc3+ 55. Kg2 Kg4 56. Rxf5 Rc4 57. f3# 1-0

[Event "*** SCC Grand Prix: Titled Tuesday Blitz"]
[Site "Chess.com"]
[Date "2020.08.04"]
[Round "1"]
[White "Sanan_Sjugirov"]
[Black "MuradNuri"]
[Result "1-0"]
[WhiteElo "2845"]
[BlackElo "2420"]
[TimeControl "180+1"]
[EndTime "13:53:06 PDT"]
[Termination "Sanan_Sjugirov won on time"]

1. e4 c5 2. Nf3 Nf6 3. Nc3 d5 4.
Bb5+ Bd7 5. Bxd7+ Qxd7 6. e5 Ne4 7. Ne2 h6 8. d3 Ng5 9. Bxg5 hxg5 10. Nxg5 Qg4 11. Qd2 Nc6 12. e6 fxe6 13. h3 Qf5 14. f4 e5 15. O-O Rh6 16. fxe5 Qxe5 17. Nf7 Qc7 18. Nxh6 gxh6 19. Qf4 Qxf4 20. Nxf4 Bg7 21. Ne6 Bd4+ 22. Nxd4 cxd4 23. Rae1 Kd7 24. a3 Kd6 25.
Rf4 Rg8 26. Kh2 a5 27. g4 a4 28. Kg3 b5 29. Rf2 Rc8 30. Kh4 Ne5 31. Kh5 Nd7 32. Ref1 Ke6 33. Re2+ Kd6 34. Rf7 Nf6+ 35. Rxf6+ exf6 36. Kg6 Rf8 37. h4 Kc5 38. h5 b4 39. axb4+ Kxb4 40. Kxh6 Rb8 41. Kg7 Kc5 42. Kg6 Rxb2 43. h6 a3 44. Re8 Rb6 45. Rc8+ 1-0

[Event "*** SCC Grand Prix: Titled Tuesday Blitz"]
[Site "Chess.com"]
[Date "2020.08.04"]
[Round "1"]
[White "tlomigtlis"]
[Black "Zkid"]
[Result "1/2-1/2"]
[WhiteElo "2415"]
[BlackElo "2790"]
[TimeControl "180+1"]
[EndTime "13:53:06 PDT"]
[Termination "Game drawn - insufficient material"]

1. d4 d5 2. c4 dxc4 3. e4 Nf6 4.
e5 Nd5 5. Bxc4 Nc6 6. Nf3 Bf5 7.
O-O e6 8. Nc3 Nb6 9. Bb3 Be7 10.
Bf4 Qd7 11. d5 exd5 12. Nxd5 Nxd5 13. Qxd5 O-O 14. Qxd7 Bxd7 15. e6 Bxe6 16. Bxe6 fxe6 17. Bxc7 Bf6 18. Rfe1 Kf7 19. Rad1 Rac8 20. Bd6 Rfd8 21.
b3 Rd7 22. Bf4 Rcd8 23. Rxd7+ Rxd7 24. Ng5+ Bxg5 25. Bxg5 Nb4 26. g3 a6 27. Re2 Rd3 28. Rd2 Rxd2 29. Bxd2 Nxa2 30. Kf1 Ke7 31. Ke2 Kd6 32. Kd3 Kc5 33. Be3+ Kd5 34. Bd2 b6 35. b4 h5 36. h4 e5 37. f3 g6 38. g4 b5 39. g5 e4+ 40. fxe4+ Ke5 41. Ke3 Ke6 42. Kd4 Kd6 43. e5+ Ke6 44. Ke4 Ke7 45. Kd5 Kd7 46. e6+ Ke7 47. Ke5 a5 48. bxa5 b4 49.
Kd4 b3 50. Bc3 Kxe6 51. Kc4 Kd7 52. Kxb3 Nc1+ 53. Kc4 Ne2 54. Kd3 Nf4+ 55. Ke4 Ng2 56. Kd5 Kc7 57. Ke6 Nxh4 58. Kf6 Nf3 59. Kxg6 h4 60. Bd2 Nxd2 61. Kf5 h3 62. g6 h2 63.
g7 h1=Q 64. g8=Q Qf3+ 65. Kg6 Qg4+ 66. Kh7 Qh5+ 67. Kg7 Qe5+ 68. Kh7 Ne4 69. Qg7+ Qxg7+ 70. Kxg7 Kb7 71. Kf7 Ka6 72. Ke6 Kxa5 1/2-1/2

[Event "*** SCC Grand Prix: Titled Tuesday Blitz"]
[Site "Chess.com"]
[Date "2020.08.04"]
[Round "1"]
[White "vesalhamedinia"]
[Black "Zubrrr"]
[Result "0-1"]
[WhiteElo "2289"]
[BlackElo "2625"]
[TimeControl "180+1"]
[EndTime "13:53:08 PDT"]
[Termination "Zubrrr won by checkmate"]

1. d4 f5 2. c4 Nf6 3. Nc3 g6 4. Nf3 Bg7 5. Bf4 O-O 6. e3 d6 7. h3 e6 8. Be2 Nbd7 9. O-O Qe7 10. Nb5 Ne8 11. c5 e5 12. Bg5 Ndf6 13. cxd6 cxd6 14. Qb3+ Kh8 15. Qa3 e4 16. Nd2 Bd7 17. Nc3 Be6 18. d5 Bg8 19. Nc4 a6 20. Nb6 Rd8 21. Rfd1 h6 22.
Bf4 g5 23. Bh2 Bh7 24. Rac1 Nd7 25. Nc4 f4 26. Bg4 Ne5 27. Nxe5 Bxe5 28. Qb4 Nf6 29. Be6 Qg7 30. Re1 h5 31. exf4 gxf4 32. h4 f3 33. g3 Rde8 34. Qb6 Re7 35. Qe3 Ng4 36. Bxg4 hxg4 37. Nxe4 Bxb2 38. Rc2 Rxe4 39. Qxe4 Bxe4 40. Rxe4 Be5 41. Kh1 Rg8 42. Bg1 Qf7 43. Rd2 Qf5 44. Rc4 Qb1 45. Kh2 Qb6 46. Rdc2 Qd8 47. Rc7 b5 48.
Ra7 Qxh4# 0-1

[Event "*** SCC Grand Prix: Titled Tuesday Blitz"]
[Site "Chess.com"]
[Date "2020.08.04"]
[Round "1"]
[White "Artem_Sadovsky"]
[Black "mishikomchedlishvili"]
[Result "0-1"]
[WhiteElo "2393"]
[BlackElo "2759"]
[TimeControl "180+1"]
[EndTime "13:53:10 PDT"]
[Termination "mishikomchedlishvili won by checkmate"]

1. Nf3 Nf6 2. c4 g6 3. b3 Bg7 4. Bb2 O-O 5. g3 c6 6. Bg2 d5 7. O-O Bg4 8. d3 Bxf3 9. Bxf3 Nbd7 10. Nd2 Re8 11. Qc2 e6 12. Rad1 h5 13. e4 dxe4 14.
Nxe4 Nxe4 15. Bxe4 Bxb2 16. Qxb2 Qf6 17. d4 Rad8 18. Bg2 h4 19. Rfe1 Nb6 20. Re4 hxg3 21. hxg3 Rd7 22. Qe2 Red8 23. Rf4 Qg7 24. c5 Nd5 25.
Bxd5 Rxd5 26. Qc4 e5 27. Re4 Rxd4 28. Rdxd4 exd4 29. Qe2 Qf6 30. Re8+ Kg7 31. Rxd8 Qxd8 32. Qe5+ Kg8 33. Kf1 b6 34. Ke2 bxc5 35. Qxc5 Qb6 36. Qc4 c5 37. a4 Qe6+ 38. Qxe6 fxe6 39. a5 e5 40. Kd3 Kf7 41. f4 Ke6 42. fxe5 Kxe5 43.
Kc4 Ke4 44. Kxc5 d3 45. Kc6 d2 46. Kb7 d1=Q 47. Kxa7 Qxb3 48. a6 Kd5 49. Ka8 Kc6 50. g4 Kc7 51. a7 Qd5# 0-1

[Event "*** SCC Grand Prix: Titled Tuesday Blitz"]
[Site "Chess.com"]
[Date "2020.08.04"]
[Round "1"]
[White "rasmussvane"]
[Black "Slovak_fighter2000"]
[Result "1-0"]
[WhiteElo "2873"]
[BlackElo "2431"]
[TimeControl "180+1"]
[EndTime "13:53:11 PDT"]
[Termination "rasmussvane won by checkmate"]

1. Nf3 d5 2. g3 c6 3. Bg2 Nf6 4.
O-O Bg4 5. h3 Bxf3 6. Bxf3 e6 7.
d3 Nbd7 8. e4 Be7 9. Qe2 dxe4 10. dxe4 e5 11. Nd2 O-O 12. a4 Nc5 13. Nc4 Qc7 14.
Bd2 Ne6 15. Bc3 Nd7 16. Rfd1 Bc5 17. Bg4 Rfe8 18. b4 Bf8 19. Rd3 f6 20. Rad1 Nb6 21. Nxb6 Qxb6 22. Rd7 Nd4 23. Qc4+ Kh8 24. Qf7 Qa6 25.
Bxd4 exd4 26. Be6 Rxe6 27. Qxe6 Bxb4 28. R1xd4 Qa5 29. Rxb7 Bc5 30. Rd1 Qc3 31. Qg4 Rg8 32. Rxg7 Rf8 33. Rgd7 f5 34. exf5 Qf6 35. Qh4 Qxf5 36.
R7d2 Bxf2+ 37. Kh2 Be3 38. Rg2 Bg5 39. Qg4 Qf6 40. h4 Bh6 41. Re2 Rg8 42. Qh3 Bg7 43. Qg2 Qf5 44. Rf1 Qg4 45. Rf4 Qg6 46. Rfe4 Bf6 47.
Re6 Qf5 48. Qh3 Qf3 49. Qg2 Qf5 50. R6e4 Bd8 51. Rf2 Qg6 52. Qf3 Bc7 53. Qc3+ Rg7 54. Rf8# 1-0

[Event "*** SCC Grand Prix: Titled Tuesday Blitz"]
[Site "Chess.com"]
[Date "2020.08.04"]
[Round "1"]
[White "Gahan-MG"]
[Black "Konavets"]
[Result "0-1"]
[WhiteElo "2481"]
[BlackElo "3074"]
[TimeControl "180+1"]
[EndTime "13:53:12 PDT"]
[Termination "Konavets won by resignation"]

1. e4 c6 2. d4 d5 3. exd5 cxd5 4. c4 Nc6 5. Nc3 Nf6 6. Nf3 Bg4 7. cxd5 Nxd5 8.
Qb3 Bxf3 9. gxf3 e6 10. Qxb7 Nxd4 11. Bb5+ Nxb5 12. Qc6+ Ke7 13. Qxb5 Qd7 14. Qxd7+ Kxd7 15. Nxd5 exd5 16. Be3 Bb4+ 17. Ke2 Rhd8 18. Rhd1 Ke6 19. Rac1 Ba5 20. Rc6+ Rd6 21. Rdc1 Bb6 22. a3 Kd7 23. Rxd6+ Kxd6 24. Kd3 Re8 25. b4 h6 26. h4 Re6 27.
Rg1 g6 28. Bxh6 Bxf2 29. Rh1 Rf6 30. Ke2 Bd4 31. Bg5 Rf5 32. Rd1 Bf6 33. Be3 a6 34.
a4 Bxh4 35. b5 axb5 36. axb5 Re5 37. Kd3 Re7 38. b6 Rb7 39. Bf4+ Kd7 40. Bc7 Bd8 41.
Kd4 Bxc7 42. bxc7 Rxc7 43. Kxd5 Ke7 44. Ke4 Rc4+ 45. Ke3 Kf6 46. Rd5 Ke6 47. Ra5 Rc3+ 48. Kf4 Rd3 49. Ke4 Rd6 50. Kf4 Rd4+ 51. Ke3 Rd5 52.
Ra6+ Kf5 53. Ra7 Re5+ 54. Kf2 f6 55. Ra4 Rd5 56. Kg3 Ke6 57. Ra6+ Rd6 58. Ra4 Kd5 59.
Rg4 f5 60. Ra4 g5 61. Ra5+ Ke6 62. Ra8 Rd2 63. Rg8 Kf6 64. Rh8 f4+ 65. Kh3 Rf2 66.
Rf8+ Kg7 67. Rf5 Kg6 68. Rf8 Rxf3+ 69. Kg2 Ra3 70. Kf2 Kh5 0-1

[Event "*** SCC Grand Prix: Titled Tuesday Blitz"]
[Site "Chess.com"]
[Date "2020.08.04"]
[Round "1"]
[White "DariaVoit"]
[Black "VladaSviridova"]
[Result "0-1"]
[WhiteElo "2534"]
[BlackElo "2180"]
[TimeControl "180+1"]
[EndTime "13:53:13 PDT"]
[Termination "VladaSviridova won by resignation"]

1. d4 d5 2. Nf3 Nf6 3. c4 c6 4. e3 Bf5 5. Nc3 e6 6. Nh4 Be4 7. f3 Bg6 8. Bd2 Be7 9. Qb3 Qc7 10. g3 O-O 11. Nxg6 hxg6 12. Kf2 dxc4 13. Bxc4 Nbd7 14. Rac1 Qb6 15. Rhd1 Rfd8 16. Na4 Qxb3 17. Bxb3 Nb6 18. Ba5 Nfd7 19. Nc5 Nxc5 20. dxc5 Rxd1 21. Rxd1 Bxc5 22. Bxb6 Bxb6 23. Rd7 Rd8 24. Rxd8+ Bxd8 25. e4 Kf8 26. Ke3 Ke7 27. Kd3 b5 28. a4 Bb6 29. Bd1 a6 30. Bc2 Bg1 31. Ke2 Kd6 32. h3 Bd4 33. b3 Kc5 34. Kd3 Bf2 35. g4 Bg3 36. Bd1 Bf4 37.
Bc2 Kb4 38. Bd1 c5 39. axb5 axb5 40. Kc2 c4 41. bxc4 bxc4 42. Be2 Kc5 43. h4 Kd4 44. h5 gxh5 45. gxh5 e5 46. Bd1 Ke3 47. Kc3 Kf2 48.
Kxc4 Ke1 49. Bc2 Ke2 50. Kd5 Kxf3 51. Ba4 Kg4 52. Be8 Kxh5 53. Bxf7+ Kg4 54. Kc4 g5 55. Kd3 Kf3 56. Bb3 g4 57. Bd1+ Kg3 58. Be2 Kh3 59. Bd1 g3 60. Bf3 g2 0-1

[Event "*** SCC Grand Prix: Titled Tuesday Blitz"]
[Site "Chess.com"]
[Date "2020.08.04"]
[Round "1"]
[White "akretchetov"]
[Black "GoltsevDmitry2000"]
[Result "0-1"]
[WhiteElo "2270"]
[BlackElo "2618"]
[TimeControl "180+1"]
[EndTime "13:53:14 PDT"]
[Termination "GoltsevDmitry2000 won by checkmate"]

1. d4 d5 2. c4 c6 3. Nf3 Nf6 4. Nc3 dxc4 5. a4 a5 6. e4 Bg4 7.
Be3 e6 8. Bxc4 Bb4 9. Qd3 Nbd7 10. e5 Nd5 11. Nd2 Bf5 12. Nce4 Nxe3 13. Qxe3 Nxe5 14.
Be2 Ng4 15. Bxg4 Bxg4 16. O-O Qc7 17. Nc4 O-O-O 18. Rac1 Rd5 19. Ne5 Bf5 20. Nc3 Bxc3 21. bxc3 f6 22. Nf3 Rhd8 23. h3 Kb8 24. c4 R5d7 25.
Rfe1 Re8 26. Qc3 Bg6 27. Re2 Bh5 28. g4 Bf7 29. Rb2 e5 30. dxe5 fxe5 31. Rcb1 e4 32. Nd4 Qd6 33. Nf5 Qe5 34. Qe3 Bxc4 35. Qb6 Rc8 36.
Ne3 Bd3 37. Rc1 Qd4 38. Qb3 Ka8 39. Nf5 Qa7 40. Qe6 Rdc7 41. Nd6 Rf8 42. Nf5 g6 43. Ne3 Rcf7 44. Qd6 Rc8 45. Rc3 Qa6 46. Qc5 Qa7 47. Qd6 Rff8 48. Rcb3 Rfd8 49. Qe7 Ba6 50. Kh2 Qb8+ 51. Kg2 g5 52. Nf5 Re8 53. Qc5 Rcd8 54. Qxa5 Qe5 55. Rxb7 Qxa5 56. Rc7 Qxc7 57. Ng7 Bb7 58. Nf5 e3 59. Kf1 c5 60. Ke1 exf2+ 61. Kxf2 Qf4+ 62. Kg1 Re6 63. a5 Ra6 64. Rc2 Rxa5 65.
Rb2 Ra1+ 66. Rb1 Rxb1# 0-1

[Event "*** SCC Grand Prix: Titled Tuesday Blitz"]
[Site "Chess.com"]
[Date "2020.08.04"]
[Round "1"]
[White "Steven_Rojas"]
[Black "Shield12"]
[Result "1-0"]
[WhiteElo "2439"]
[BlackElo "2841"]
[TimeControl "180+1"]
[EndTime "13:53:15 PDT"]
[Termination "Steven_Rojas won by resignation"]

1. c4 e6 2. Nf3 d5 3. e3 Nf6 4. Nc3 Nbd7 5. d4 b6 6. Bd3 Bb7 7. O-O Bd6 8. b3 O-O 9. Bb2 a6 10. Rc1 Ne4 11. Qc2 f5 12. Ne2 Qf6 13. c5 Rac8 14. cxd6 Nxd6 15. Ne5 Qe7 16. Nxd7 Qxd7 17.
Ba3 Rfd8 18. Nf4 Nf7 19. Be2 a5 20. Nd3 h6 21. Ne5 Nxe5 22. dxe5 c5 23. Qd3 Qc7 24. Bb2 Qf7 25. a3 Bc6 26. b4 axb4 27. axb4 c4 28. Qd4 b5 29. Ra1 Ra8 30. Bc3 g5 31. Qc5 Qd7 32.
Rxa8 Rxa8 33. Ra1 Rxa1+ 34. Bxa1 Bb7 35. Bh5 Bc6 36. Qd6 Kg7 37. h4 g4 38. f3 g3 39. Qxd7+ Bxd7 40. Kf1 Bc6 41. Bc3 Bd7 42. Be1 f4 43. Ke2 Bc6 44. Bc3 fxe3 45. Kxe3 Bd7 46.
Kd4 Bc6 47. Be1 Bd7 48. Bxg3 Bc6 49. Be1 Be8 50. Bxe8 Kf8 51. Bh5 Ke7 52. Bc3 Kd7 53.
g4 Ke7 54. Bg6 Kf8 55. f4 Kg7 56. Bc2 Kf7 57. h5 Ke7 58. g5 Kf7 59. gxh6 Kg8 60.
f5 Kh7 61. fxe6+ Kxh6 62. e7 Kg5 63. e8=Q Kf4 64. Qg6 1-0

[Event "*** SCC Grand Prix: Titled Tuesday Blitz"]
[Site "Chess.com"]
[Date "2020.08.04"]
[Round "1"]
[White "Orest_Vovk"]
[Black "amintabatabaei"]
[Result "0-1"]
[WhiteElo "2464"]
[BlackElo "2974"]
[TimeControl "180+1"]
[EndTime "13:53:20 PDT"]
[Termination "amintabatabaei won on time"]

1. h4 h5 2. Nf3 g6 3. Ng5 Bg7 4. e4 e6 5. d4 d6 6. Nc3 a6 7. Be3 b5 8. a3 Bb7 9. Qd2 Nd7 10. O-O-O Ngf6 11. f4 Qe7 12. Be2 Rd8 13. Bf3 Ng4 14. Bxg4 hxg4 15. f5 c5 16. fxe6 fxe6 17. dxc5 dxc5 18. Qd6 Be5 19. Qxe6 Qxe6 20. Nxe6 Rc8 21. Nd5 Rc6 22. Ng5 Nf6 23. Rdf1 Rf8 24. Bf4 Bxf4+ 25. Nxf4 Nh5 26. Nxh5 gxh5 27. Rxf8+ Kxf8 28. Rf1+ Ke8 29. Rf7 Bc8 30. g3 c4 31. e5 c3 32. Rf6 Rc5 33. e6 Re5 34. bxc3 Re3 35. Rh6 Ke7 36.
Rh7+ Kd6 37. Rxh5 Rxg3 38. Rh8 Rg1+ 39. Kd2 Rg2+ 40. Kd3 Bb7 41. Rd8+ Kc7 42. Rd7+ Kc8 43. Rg7 Rg3+ 44. Kd4 Rg1 45. e7 Re1 46. Kc5 g3 47.
Kd6 Rd1+ 48. Ke6 Bd5+ 49. Kf6 Rf1+ 50. Kg6 Bc6 51. Kh7 g2 52. Rg8+ Kc7 53. e8=Q Bxe8 54. Nh3 Bc6 55. Rg7+ Kb6 56. h5 Rh1 57. Nf2 Rxh5+ 58.
Kg8 Rh1 59. Nd3 g1=Q 0-1

[Event "*** SCC Grand Prix: Titled Tuesday Blitz"]
[Site "Chess.com"]
[Date "2020.08.04"]
[Round "1"]
[White "MasterKroket"]
[Black "Sam_ChessMood"]
[Result "1/2-1/2"]
[WhiteElo "2421"]
[BlackElo "2805"]
[TimeControl "180+1"]
[EndTime "13:53:20 PDT"]
[Termination "Game drawn by repetition"]

1. d4 Nf6 2. c4 e6 3. Nf3 d5 4. Nc3 Bb4 5. Bg5 h6 6. Bxf6 Qxf6 7. Qb3 c5 8. cxd5 exd5 9. dxc5 Bxc3+ 10. bxc3 O-O 11.
e3 Nd7 12. Nd4 Nxc5 13. Qxd5 Qe7 14. Be2 Rd8 15. Qf3 Ne4 16. Rc1 Qa3 17. Rc2 Nxc3 18.
O-O Nxe2+ 19. Qxe2 Bd7 20. Rfc1 Rac8 21. h3 Qxc1+ 22. Rxc1 Rxc1+ 23. Kh2 Rc5 24. Qb2 b6 25. Qa3 a5 26. Qb2 b5 27. a3 Ra8 28. Nb3 Rc7 29. Qd4 a4 30. Nc5 Be8 31. Ne4 Rc4 32.
Qe5 Rcc8 33. Nd6 Rcb8 34. Nf5 f6 35. Qe7 Bf7 36. Nd6 Rf8 37. Nxb5 Rae8 38. Qc7 Rc8 39. Qg3 Rcd8 40. Qf4 Bb3 41. Qb4 Kh8 42. Nd6 Rd7 43.
Ne4 Rfd8 44. Nc5 Ra7 45. Nxb3 axb3 46. Qxb3 Rda8 47. Qd5 Rxa3 48. h4 R3a5 49. Qf3 Ra4 50. Kh3 Ra2 51. g4 Rb8 52. Kg3 Rbb2 53. h5 Rxf2 54. Qxf2 Rxf2 55. Kxf2 Kg8 56. Kf3 Kf7 57. Kf4 Ke6 58. Ke4 Ke7 59. Kd3 Kd6 60. Kd4 Ke6 61.
Ke4 Ke7 62. Kd3 Kd6 63. Kd4 Ke6 64. Ke4 1/2-1/2